 Dungeon Crawl Stone Soup version 0.30.2 (webtiles) character file.

Game seed: 11411701224187930122

0 Nonny the Conjurer (level 1, -2/14 HPs)
             Began as a Demigod Conjurer on Apr 11, 2024.
             Slain by a gnoll
             ... wielding a +0 club
              (5 damage)
             ... on level 1 of the Dungeon.
             The game lasted 00:00:48 (31 turns).

Nonny the Conjurer (Demigod Conjurer)                 Turns: 31, Time: 00:00:49

Health: -2/14      AC:  2    Str:  8    XL:     1   Next: 6%
Magic:  0/5        EV: 12    Int: 20    God:
Gold:   0          SH:  0    Dex: 12    Spells: 2/3 levels left

rFire   . . .        (no weapon)
rCold   . . .        (no shield)
rNeg    . . .        a - +0 robe
rPois   .            (no helmet)
rElec   .            (no cloak)
rCorr   .            (no gloves)
SInv    .            (no boots)
Will    .....        (no amulet)
Stlth   ++           (no ring)
HPRegen 0.22/turn    (no ring)
MPRegen 0.09/turn

%: no passive effects
@: no status effects
A: high MP 1, forlorn, divine attributes
a: no special abilities


You were on level 1 of the Dungeon.
You visited 1 branch of the dungeon, and saw 1 of its levels.

Inventory:

Armour
 a - a +0 robe (worn)
Potions
 b - a potion of magic


   Skills:
 + Level 1.7 Dodging
 * Level 1.7 Stealth
 + Level 1.7 Spellcasting
 + Level 3.6 Conjurations


You had 2 spell levels left.
You knew the following spells:

 Your Spells              Type           Power      Damage    Failure   Level
a - Magic Dart            Conj           64%        1d6       3%          1

Your spell library contained the following spells:

 Spells                   Type           Power      Damage    Failure   Level
 Searing Ray              Conj           32%        2d5       5%          2
 Dazzling Flash           Conj/Hex       18%        N/A       22%         3
 Fulminant Prism          Conj/Hex       4%         3d5       58%         4
 Iskenderun's Mystic Bla  Conj/Tloc      9%         2d4       58%         4


Dungeon Overview and Level Annotations

Branches:
Dungeon (1/15)


Innate Abilities, Weirdness & Mutations

You have an increased reservoir of magic. (+10% MP)
You shall have no god before yourself.
Your divine heritage dramatically boosts your attributes as you level up.


Message History

Press: ? - help, Shift-Dir - straight line, f/p - gnoll
Aim: a gnoll, wielding a +0 club (moderately wounded, 100% to hit)
The magic dart hits the gnoll.
The gnoll is moderately wounded.
Casting: Magic Dart (safe; 3% risk of failure)
Confirm with . or Enter, or press ? or * to list all spells.
Aiming: Magic Dart (safe; 3% risk of failure)
Press: ? - help, Shift-Dir - straight line, f/p - gnoll
Aim: a gnoll, wielding a +0 club (moderately wounded, 100% to hit)
The magic dart hits the gnoll.
The gnoll is heavily wounded.
The gnoll closely misses you.
Casting: Magic Dart (safe; 3% risk of failure)
Confirm with . or Enter, or press ? or * to list all spells.
Aiming: Magic Dart (safe; 3% risk of failure)
Press: ? - help, Shift-Dir - straight line, f/p - gnoll
Aim: a gnoll, wielding a +0 club (heavily wounded, 100% to hit)
The magic dart hits the gnoll.
The gnoll is heavily wounded.
The gnoll hits you with a +0 club.
Casting: Magic Dart (safe; 3% risk of failure)
Confirm with . or Enter, or press ? or * to list all spells.
Aiming: Magic Dart (safe; 3% risk of failure)
Press: ? - help, Shift-Dir - straight line, f/p - gnoll
Aim: a gnoll, wielding a +0 club (heavily wounded, 100% to hit)
The magic dart hits the gnoll.
The gnoll is almost dead.
The gnoll hits you with a +0 club.
You hit the gnoll but do no damage.
The gnoll is almost dead.
The gnoll hits you with a +0 club!
Ouch! That really hurt!
* * * LOW HITPOINT WARNING * * *
You hit the gnoll.
The gnoll is almost dead.
The gnoll closely misses you.
You hit the gnoll.
The gnoll is almost dead.
The gnoll hits you with a +0 club.
You die...

###..# .##..
#....##.....
##'##...#
#...#.#.###†.
#.<.#.......#
#...#.#.#####
##'##.#.##
#.......########
#.......@g......
####....########
#...## #####


You could see a gnoll.

Vanquished Creatures
  A rat (D:1)
1 creature vanquished.

Notes
Turn   | Place    | Note
-------+----------+-------------------------------------------
     0 | D:1      | Nonny the Demigod Conjurer began the quest for the Orb.
     0 | D:1      | Reached XP level 1. HP: 14/14 MP: 5/5
    16 | D:1      | Starting vault: little room
    31 | D:1      | Slain by a gnoll

Illustrated notes

##.#### .....
#..# # ###..#
.##..
#....##.....
##'##...#
#...#.#.###†.
#.<.#.......#
#.@.#.#.#####
##'##.#.##
#.......#
#...........
####....####
#...## #####


Turn 16 on D:1: Starting vault: little room

Levels and vault maps discovered:
D:1:      dpeg_arrival_tiny_f, layout_loops_cross, st_stairs_6

Action                     || total
---------------------------++-------
  Melee: Unarmed           ||     3
   Cast: Magic Dart        ||     6
  Dodge: Dodged            ||     2
